 Dungeon Crawl Stone Soup version 0.24.0-125-gc4c63601f3 (webtiles) character file.

Game seed: 8344769080489799040, levelgen mode: deterministic

255639 Chiseanne the Stickfighter (level 19, -12/152 HPs)
             Began as a Gnoll Wanderer on Feb 28, 2020.
             Was an Initiate of Gozag.
             Shot with a bolt by a yaktaur (18 damage)
             ... led by a vault warden
             ... on level 3 of the Vaults on Mar 6, 2020.
             The game lasted 02:40:56 (43158 turns).

Chiseanne the Stickfighter (Gnoll Wanderer)        Turns: 43158, Time: 02:40:56

Health: -12/152    AC: 22    Str: 22    XL:     19   Next: 78%
Magic:  35/35      EV: 21    Int: 14    God:    Gozag
Gold:   4424       SH:  0    Dex: 23    Spells: 11/43 levels left

rFire    + + .     SeeInvis +   a - +7 great mace "Firestarter" {inner flame, rF++}
rCold    + . .     Gourm    .   (shield currently unavailable)
rNeg     + . .     Faith    .   n - +0 scale mail "Beemudip" {MR+ Dex+2 Slay+3 Stlth-}
rPois    +         Spirit   .   g - +2 hat {SInv}
rElec    +         Reflect  .   j - +1 cloak {rPois}
rCorr    .         Harm     .   Q - +1 pair of gloves {Str+3}
MR       ++...                  T - +1 pair of boots {Stlth+}
Stlth    +++++.....             I - amulet of regeneration
HPRegen  0.75/turn              O - +3 ring of protection
MPRegen  0.24/turn              J - ring "Zovvuiq" {rElec rC+ rN+ Dex+2 Stlth+}

@: about to teleport, gold aura, studying Staves
A: distributed training, fangs 1, strong nose
}: 2/15 runes: decaying, gossamer
a: Potion Petition, Call Merchant, Bribe Branch, Renounce Religion


You were on level 3 of the Vaults.
You worshipped Gozag.
Gozag was most pleased with you.
You were full.

You visited 6 branches of the dungeon, and saw 34 of its levels.
You also visited: Ossuary and Gauntlet.

You collected 16711 gold pieces.
You spent 3983 gold pieces at shops.
You paid 8304 gold pieces to Gozag.

Inventory:

Hand Weapons
 a - the +7 great mace "Firestarter" (weapon) {inner flame, rF++}
   (You bought it in a shop on level 15 of the Dungeon)

   It has been specially enchanted to burn those struck by it, causing extra
   injury to most foes and up to half again as much damage against particularly
   susceptible opponents.
   It greatly protects you from fire.
 d - the +8 broad axe "Ogreslayer" {venom, Dex+4}
   (You found it on level 1 of the Spider Nest)

   It poisons the flesh of those it strikes.
   It affects your dexterity (+4).
 s - a +9 halberd of electrocution
 w - the +9 arbalest of Karma {freeze, rC+ Str+2 Int+3}
   (You found it on level 7 of the Dungeon)

   It causes projectiles fired from it to freeze those they strike, causing
   extra injury to most foes and up to half again as much damage against
   particularly susceptible opponents.
   They can also slow down cold-blooded creatures.
   It affects your strength (+2).
   It affects your intelligence (+3).
   It protects you from cold.
Missiles
 h - 3 throwing nets
 r - 8 curare-tipped darts (quivered)
 N - 493 bolts
Armour
 g - a +2 hat of see invisible (worn)
 j - a +1 cloak of poison resistance (worn)
 n - the +0 scale mail "Beemudip" (worn) {MR+ Dex+2 Slay+3 Stlth-}
   (You found it on level 1 of the Lair of Beasts)

   It affects your dexterity (+2).
   It affects your accuracy and damage with ranged weapons and melee attacks
   (+3).
   It affects your resistance to hostile enchantments.
   It makes you less stealthy.
 G - a scarf of cloud immunity
 Q - a +1 pair of gloves of strength (worn)
 T - a +1 pair of boots of stealth (worn)
Magical Staves
 y - an uncursed staff of wizardry
Jewellery
 b - an uncursed ring of flight
 H - an uncursed ring of poison resistance {unknown}
 I - an amulet of regeneration (around neck)
 J - the ring "Zovvuiq" (right hand) {rElec rC+ rN+ Dex+2 Stlth+}
   (You found it on level 7 of the Dungeon)

   [ring of stealth]

   It affects your dexterity (+2).
   It protects you from cold.
   It insulates you from electricity.
   It protects you from negative energy.
   It makes you more stealthy.
 O - a +3 ring of protection (left hand)
Wands
 x - a wand of disintegration (1)
 C - a wand of paralysis (36)
 P - a wand of clouds (3)
 R - a wand of digging (24)
 S - a wand of acid (21)
Scrolls
 l - 19 scrolls of teleportation
 m - 12 scrolls of remove curse
 p - 2 scrolls of fog
 u - 2 scrolls of silence
 A - 5 scrolls of identify
 V - 7 scrolls of magic mapping
Potions
 i - 3 potions of cancellation
 k - 2 potions of might
 t - 27 potions of curing
 v - a potion of heal wounds
 z - a potion of brilliance
 D - 6 potions of resistance
 E - a potion of agility
 F - a potion of magic
 U - 4 potions of flight
 Z - 2 potions of invisibility
Books
 B - a manual of Staves
Miscellaneous
 c - a fan of gales
 e - a phial of floods
 o - a lightning rod (4/4)
 q - a sack of spiders
Comestibles
 f - 16 rations


   Skills:
 + Level 14.1 Fighting
 + Level 12.8 Short Blades
 + Level 12.8 Long Blades
 + Level 12.8 Axes
 + Level 12.8 Maces & Flails
 + Level 12.8 Polearms
 + Level 17.2 Staves
 + Level 12.8 Slings
 + Level 12.8 Bows
 + Level 13.4 Crossbows
 + Level 13.0 Throwing
 + Level 13.0 Armour
 + Level 13.0 Dodging
 + Level 12.8 Stealth
 + Level 12.8 Shields
 + Level 12.8 Unarmed Combat
 + Level 12.8 Spellcasting
 + Level 11.0 Conjurations
 + Level 11.0 Hexes
 + Level 11.0 Charms
 + Level 11.0 Summonings
 + Level 11.0 Necromancy
 + Level 11.0 Translocations
 + Level 11.0 Transmutations
 + Level 11.0 Fire Magic
 + Level 11.0 Ice Magic
 + Level 11.0 Air Magic
 + Level 11.0 Earth Magic
 + Level 11.0 Poison Magic
 + Level 13.8 Invocations
 + Level 13.0 Evocations


You had 11 spell levels left.
You knew the following spells:

 Your Spells              Type           Power        Failure   Level  Hunger
a - Borgnjor's Vile Clut  Necr/Erth      #####.....   4%          5    #####..
b - Summon Lightning Spi  Summ/Air       #####...     1%          4    ###....
c - Conjure Ball Lightni  Conj/Air       #####.....   26%         6    ######.
d - Confuse               Hex            #####...     1%          3    None
e - Mephitic Cloud        Conj/Pois/Air  #####...     1%          3    None
f - Summon Mana Viper     Hex/Summ       #####...     4%          5    #####..
g - Deflect Missiles      Chrm/Air       #####.....   26%         6    ######.

Your spell library contained the following spells:

 Spells                   Type           Power        Failure   Level  Hunger
 Apportation              Tloc           #####.       1%          1    None
 Corona                   Hex            #####..      1%          1    None
 Infusion                 Chrm           ####         1%          1    None
 Shock                    Conj/Air       ####         1%          1    None
 Sting                    Conj/Pois      ####         1%          1    None
 Summon Small Mammal      Summ           ####         1%          1    None
 Call Imp                 Summ           #####...     1%          2    None
 Ensorcelled Hibernation  Hex/Ice        #####.       1%          2    None
 Passwall                 Tmut/Erth      #####...     1%          2    None
 Poisonous Vapours        Pois/Air       #####.       1%          2    None
 Shroud of Golubria       Chrm/Tloc      #####.       1%          2    None
 Song of Slaying          Chrm           #####...     1%          2    None
 Swiftness                Chrm/Air       #####...     1%          2    None
 Call Canine Familiar     Summ           #####...     1%          3    None
 Dazzling Spray           Conj/Hex       #####.       1%          3    None
 Recall                   Summ/Tloc      N/A          1%          3    None
 Regeneration             Chrm/Necr      #####.....   1%          3    None
 Spectral Weapon          Hex/Chrm       #####...     1%          3    None
 Static Discharge         Conj/Air       #####...     1%          3    None
 Summon Guardian Golem    Hex/Summ       #####...     1%          3    None
 Tukima's Dance           Hex            #####...     1%          3    None
 Airstrike                Air            #####.....   1%          4    ###....
 Leda's Liquefaction      Hex/Erth       #####.....   1%          4    ###....
 Olgreb's Toxic Radiance  Pois           #####...     1%          4    ###....
 Summon Ice Beast         Ice/Summ       #####...     1%          4    ###....
 Aura of Abjuration       Summ           #####.....   4%          5    #####..
 Lightning Bolt           Conj/Air       #####.....   4%          5    #####..
 Silence                  Hex/Air        #####.....   4%          5    #####..
 Summon Demon             Summ           #####.....   4%          5    #####..
 Summon Forest            Summ/Tloc      #####.....   4%          5    #####..
 Venom Bolt               Conj/Pois      #####.....   4%          5    #####..
 Darkness                 Hex            #####.....   26%         6    ######.
 Iron Shot                Conj/Erth      #####.....   26%         6    ######.
 Shadow Creatures         Summ           N/A          26%         6    ######.
 Controlled Blink         Tloc           N/A          100%        8    #######
 Tornado                  Air            #####.....   100%        9    #######


Dungeon Overview and Level Annotations

Branches:
Dungeon (15/15)            Temple (0/1) D:5            Lair (6/6) D:8
  Swamp (4/4) Lair:4       Spider (4/4) Lair:3        Slime (0/5) Lair:6
    Orc (2/2) D:9             Elf (0/3) Orc:2        Vaults (3/5) D:14
 Depths (0/5) D:15        Ossuary (visited)         Gauntlet (visited)
  Crypt: Vaults:2-3

Altars:
Ashenzari
Cheibriados
Gozag
Hepliaklqana
Kikubaaqudgha
Makhleb
Nemelex Xobeh
Qazlal
Ru
Sif Muna
Vehumet
Xom
Yredelemnul
Zin
Beogh
Jiyva

Shops:
D:6 (*   D:10 [   D:15 ([[([   Orc:2 ::(:


Innate Abilities, Weirdness & Mutations

Your experience applies equally to all skills.
You have very sharp teeth.
Your uncanny sense of smell can sniff out nearby items.


Message History

The yaktaur hits you but does no damage.
The vault warden hits you with a +0 great mace!
You hit the vault warden. You burn the vault warden. You bite the vault warden.
The vault warden is heavily wounded.
The yaktaur hits you but does no damage.
The yaktaur shoots a bolt.
The bolt hits you!
* * * LOW HITPOINT WARNING * * *
The vault warden completely misses you.
As you read the scroll of teleportation, it crumbles to dust.
You feel strangely unstable. The yaktaur hits you!
* * * LOW HITPOINT WARNING * * *
The yaktaur shoots a bolt.
The bolt hits you!
* * * LOW HITPOINT WARNING * * *
You hit the vault warden. You burn the vault warden. You bite the vault warden.
The vault warden is heavily wounded.
The vault warden hits you with a +0 great mace!
* * * LOW HITPOINT WARNING * * *
The yaktaur misses you.
The yaktaur shoots a bolt.
The bolt hits you!!
You die...
Your body crumbles into a pile of gold.

###########
#......(..#
+.........#
+.........#
#.........#
#.....<...#
#......@c.#
#.......p.#
#......c..#
#.........#
###########


You could see a vault warden (inner flame) and 2 yaktaurs.

Vanquished Creatures
  the Lernaean hydra (Swamp:4)
  Rupert (Lair:5)
  A thorn hunter (Swamp:2)
  Gastronok (D:7)
  Frances (D:13)
  An acid blob (Lair:6)
  Kirke (D:15)
  A tengu reaver (Vaults:2)
  Donald (Swamp:1)
  3 ghost moths (Spider:4)
  Aizul (Vaults:1)
  4 vault wardens
  4 emperor scorpions
  The ghost of Liuxtac the Party-goer, a journeyman DDFi of Uskayaw (Lair:6)
  A war gargoyle (Vaults:2)
  2 entropy weavers
  7 ironheart preservers
  Nessos (D:12)
  Josephine (Swamp:1)
  An ettin (Vaults:2)
  5 vault guards
  3 ice dragons
  3 yaktaur captains
  2 rakshasas
  Harold (D:7)
  A great orb of eyes (Vaults:2)
  29 hydras
  4 catoblepae
  A death knight (Vaults:2)
  2 centaur warriors
  18 two-headed ogres
  4 ogre magi
  16 death yaks
  7 alligators
  An orc high priest (Orc:2)
  3 deep elf knights (Vaults:2)
  5 skeletal warriors (D:14)
  Sonja (D:12)
  2 glowing orange brains (Vaults:1)
  A hell knight (Vaults:2)
  2 spriggan druids (Swamp:2)
  A flayed ghost (Vaults:2)
  An unseen horror (D:15)
  5 deep elf archers
  3 deep trolls (Vaults:1)
  9 swamp dragons
  2 wizards
  11 ironbrand convokers
  11 orb spiders
  2 wolf spider zombies (D:14)
  5 necromancers
  14 orc knights
  A salamander (D:15)
  2 oklob plants (Lair:6)
  A fire giant zombie (Vaults:1)
  17 wolf spiders
  8 deep elf magi
  19 ugly things
  9 cyclopes
  A moth of wrath (Spider:4)
  An orc sorcerer (Orc:2)
  4 manticores
  A sphinx skeleton (Vaults:1)
  Psyche (D:8)
  6 black mambas
  8 vault sentinels
  4 freezing wraiths (Vaults:2)
  2 torpor snails (Spider:4)
  12 spiny frogs
  An anaconda simulacrum (Lair:1)
  3 centaur skeletons
  3 komodo dragons
  18 yaktaurs
  A redback zombie (D:14)
  13 demonic crawlers
  A yaktaur skeleton (Vaults:1)
  A merfolk (D:15)
  A tengu conjurer (D:13)
  A meliai (D:9)
  6 trolls
  20 hornets
  9 tyrant leeches
  17 jumping spiders
  4 polar bears
  30 slime creatures
  8 blink frogs
  A dream sheep (shapeshifter) (D:15)
  14 hippogriffs
  2 bog bodies (Swamp:3)
  2 shadows
  8 spriggans
  A dire elephant simulacrum (Lair:1)
  51 redbacks
  34 tarantellas
  3 wyverns
  36 yaks
  19 humans (D:14)
  5 hogs
  A hog (shapeshifter) (Vaults:2)
  5 wraiths
  2 hungry ghosts
  Grum (D:8)
  23 vampire mosquitoes
  The ghost of chipmonk the Ruffian, an amateur DrTm (D:3)
  16 wargs
  6 insubstantial wisps (Swamp:4)
  A soldier ant (D:12)
  11 swamp worms
  11 water moccasins
  6 porcupines
  55 orc warriors
  2 hornet zombies
  A black bear (D:9)
  4 sky beasts
  11 swamp drakes
  An ettin simulacrum (Vaults:1)
  5 phantoms
  An ice beast (D:9)
  A necrophage (D:11)
  25 ogres
  An orc skeleton (Vaults:1)
  9 wolves
  3 centaurs
  10 crocodiles
  5 big kobolds
  17 bullfrogs
  A human skeleton (Vaults:1)
  A wyvern zombie (D:14)
  An ogre simulacrum (Vaults:1)
  17 scorpions
  A water moccasin skeleton (D:12)
  A wyvern skeleton (D:12)
  18 killer bees
  A howler monkey (D:10)
  2 electric eels
  6 jellies
  4 crimson imps
  3 centaur zombies
  2 quasits
  22 orc priests
  5 human zombies
  4 bullfrog zombies
  A gnoll shaman (D:7)
  9 hounds
  2 bullfrog skeletons
  Jessica (D:3)
  Ijyb (D:3)
  8 iguanas
  8 worker ants
  Natasha (thrice) (D:2)
  30 orc wizards
  5 hell rats (Lair:5)
  A yak simulacrum (Lair:1)
  2 big kobold zombies (Ossuary)
  A bullfrog simulacrum (Lair:1)
  A porcupine simulacrum (Lair:1)
  2 hound skeletons
  4 mummies
  19 gnolls
  8 scorpion zombies (Ossuary)
  11 adders
  4 shadow imps
  6 oozes
  5 adder skeletons
  2 worms (D:2)
  7 leopard geckos
  106 orcs
  2 ball pythons
  5 bats
  10 giant cockroaches
  2 gnoll zombies (Ossuary)
  8 hobgoblins
  11 jackals
  29 kobolds
  6 quokkas
  2 frilled lizards
  11 goblins
  4 hobgoblin zombies (Ossuary)
  A jackal zombie (D:8)
  A kobold zombie (Ossuary)
  3 orc zombies (Ossuary)
  A quokka skeleton (D:5)
  11 rats
  A bush (Lair:1)
  6 fungi
  8 plants
1313 creatures vanquished.

Vanquished Creatures (collateral kills)
  Louise (Spider:1)
  2 emperor scorpions (Spider:4)
  Snorg (Lair:5)
  A shambling mangrove (Swamp:3)
  A death yak (Lair:4)
  An ogre mage (Vaults:2)
  A swamp dragon (Swamp:4)
  A spriggan druid (Swamp:3)
  A cyclops (Vaults:2)
  A yaktaur (Vaults:2)
  2 demonic crawlers (Spider:4)
  A jumping spider (Spider:1)
  A hornet (Swamp:3)
  A bog body (Swamp:2)
  A redback (Spider:4)
  2 tarantellas
  A wraith (Swamp:1)
  A swamp worm (Swamp:3)
  A swamp drake (Swamp:4)
  A fungus (Lair:5)
23 creatures vanquished.

Vanquished Creatures (others)
  A spriggan druid (Swamp:4)
  A tyrant leech (Swamp:3)
  A redback (Spider:4)
  A human (D:15)
  An ogre (D:4)
  An orc wizard (D:9)
  A goblin (D:3)
  A demonic plant (Gauntlet)
  5 fungi
  7 plants
  6 toadstools (Swamp:2)
26 creatures vanquished.

Grand Total: 1362 creatures vanquished

Notes
Turn   | Place    | Note
-------+----------+-------------------------------------------
     0 | D:1      | Chiseanne the Gnoll Wanderer began the quest for the Orb.
     0 | D:1      | Chiseanne set off with the following items: a +0 hand axe,
                  | a +2 scale mail, 7 poisoned darts, a +0 dagger, a ration
     0 | D:1      | Reached XP level 1. HP: 23/23 MP: 2/2
   178 | D:1      | Reached XP level 2. HP: 25/29 MP: 3/3
   278 | D:1      | You fall into a shaft and drop 1 floor!
   290 | D:2      | Reached XP level 3. HP: 19/35 MP: 4/4
   634 | D:1      | Reached skill level 1 in Invocations
   942 | D:2      | Found a shimmering altar of Xom.
   948 | D:2      | Noticed Natasha
   956 | D:2      | Killed Natasha
   956 | D:2      | Reached skill level 1 in Short Blades
   956 | D:2      | Reached skill level 1 in Long Blades
   956 | D:2      | Reached skill level 1 in Axes
   956 | D:2      | Reached skill level 1 in Maces & Flails
   956 | D:2      | Reached skill level 1 in Polearms
   956 | D:2      | Reached skill level 1 in Slings
   956 | D:2      | Reached skill level 1 in Bows
   956 | D:2      | Reached skill level 1 in Stealth
   956 | D:2      | Reached skill level 1 in Shields
   956 | D:2      | Reached skill level 1 in Unarmed Combat
   956 | D:2      | Reached skill level 1 in Spellcasting
   956 | D:2      | Reached XP level 4. HP: 41/41 MP: 4/6
  1303 | D:2      | Reached skill level 1 in Conjurations
  1303 | D:2      | Reached skill level 1 in Hexes
  1303 | D:2      | Reached skill level 1 in Charms
  1303 | D:2      | Reached skill level 1 in Summonings
  1303 | D:2      | Reached skill level 1 in Necromancy
  1303 | D:2      | Reached skill level 1 in Translocations
  1303 | D:2      | Reached skill level 1 in Transmutations
  1303 | D:2      | Reached skill level 1 in Fire Magic
  1303 | D:2      | Reached skill level 1 in Ice Magic
  1303 | D:2      | Reached skill level 1 in Air Magic
  1303 | D:2      | Reached skill level 1 in Earth Magic
  1303 | D:2      | Reached skill level 1 in Poison Magic
  1303 | D:2      | Reached XP level 5. HP: 43/47 MP: 7/7
  1411 | D:2      | Noticed Natasha
  1416 | D:2      | Killed Natasha
  1416 | D:2      | Reached skill level 3 in Staves
  1426 | D:2      | Noticed Natasha
  1427 | D:2      | Killed Natasha
  1735 | D:3      | Reached XP level 6. HP: 52/53 MP: 8/8
  1751 | D:3      | Found a sacrificial altar of Ru.
  1751 | D:3      | Found a shattered altar of Ashenzari.
  1771 | D:3      | Found an opulent altar of Gozag.
  1784 | D:3      | Became a worshipper of Gozag Ym Sagoz the Greedy
  1795 | D:3      | Found an ancient bone altar of Kikubaaqudgha.
  1986 | D:3      | Noticed Ijyb
  2002 | D:3      | Killed Ijyb
  2059 | D:3      | Noticed Jessica
  2061 | D:3      | Killed Jessica
  2061 | D:3      | Reached skill level 5 in Crossbows
  2112 | D:3      | Found a radiant altar of Vehumet.
  2235 | D:3      | Found a transporter.
  2455 | D:3      | Found a transporter.
  2663 | D:3      | Noticed chipmonk's ghost (amateur DrTm)
  2754 | D:3      | Killed chipmonk's ghost
  2754 | D:3      | Reached XP level 7. HP: 33/59 MP: 10/10
  3451 | D:4      | Found a burning altar of Makhleb.
  3615 | D:4      | Reached skill level 4 in Staves
  3629 | D:4      | Found a glowing silver altar of Zin.
  3629 | D:4      | Noticed an angel
  3633 | D:4      | Found a shimmering altar of Xom.
  3768 | D:4      | Reached XP level 8. HP: 48/67 MP: 12/12
  3943 | D:5      | Entered Level 5 of the Dungeon
  4238 | D:5      | Found a basalt altar of Yredelemnul.
  4252 | D:5      | Reached skill level 5 in Staves
  4368 | D:5      | Found a sparkling altar of Nemelex Xobeh.
  4423 | D:5      | Found a staircase to the Ecumenical Temple.
  4730 | D:6      | Reached XP level 9. HP: 63/72 MP: 14/14
  4964 | D:6      | Found a shimmering blue altar of Sif Muna.
  5229 | D:6      | Found Tutz's General Store.
  5245 | D:6      | Bought a scroll of magic mapping for 35 gold pieces
  5245 | D:6      | Bought a +1 ring mail of cold resistance for 160 gold
                  | pieces
  5528 | D:7      | Reached skill level 6 in Staves
  5606 | D:7      | Reached skill level 5 in Throwing
  5606 | D:7      | Reached skill level 5 in Armour
  5606 | D:7      | Reached skill level 5 in Dodging
  5606 | D:7      | Reached skill level 5 in Evocations
  5692 | D:7      | Reached skill level 5 in Invocations
  5704 | D:7      | Identified the Reference Book on the Escort and Conjuration
  5718 | D:7      | Noticed a troll
  5732 | D:7      | Killed a troll
  5862 | D:7      | Reached XP level 10. HP: 32/80 MP: 17/17
  6087 | D:7      | Found the +8 demon blade "Bloodbane" {slice, *Rage +Rage
                  | Stlth-}
  6088 | D:7      | Got a faintly glowing wooden ring
  6093 | D:7      | Found a runed translucent door.
  6095 | D:7      | Found a runed translucent door.
  6095 | D:7      | Noticed a deep elf mage
  6121 | D:7      | Killed a deep elf mage
  6121 | D:7      | Reached skill level 7 in Staves
  6128 | D:7      | Reached skill level 5 in Short Blades
  6128 | D:7      | Reached skill level 5 in Long Blades
  6128 | D:7      | Reached skill level 5 in Axes
  6128 | D:7      | Reached skill level 5 in Maces & Flails
  6128 | D:7      | Reached skill level 5 in Polearms
  6128 | D:7      | Reached skill level 5 in Slings
  6128 | D:7      | Reached skill level 5 in Bows
  6128 | D:7      | Reached skill level 5 in Stealth
  6128 | D:7      | Reached skill level 5 in Shields
  6128 | D:7      | Reached skill level 5 in Unarmed Combat
  6128 | D:7      | Reached skill level 5 in Spellcasting
  6238 | D:7      | Got a steaming arbalest
  6252 | D:7      | Got a fine lapis lazuli ring
  6286 | D:7      | Identified the ring of Qoorextu {rC+ rN++ Slay-6 Stlth+}
                  | (You found it on level 7 of the Dungeon)
  6287 | D:7      | Identified the ring "Zovvuiq" {rElec rC+ rN+ Dex+2 Stlth+}
                  | (You found it on level 7 of the Dungeon)
  6291 | D:7      | Identified the +9 arbalest of Karma {freeze, rC+ Str+2
                  | Int+3} (You found it on level 7 of the Dungeon)
  6296 | D:7      | Noticed Harold
  6303 | D:7      | Killed Harold
  6416 | D:7      | Found a snail-covered altar of Cheibriados.
  7101 | D:8      | Found a sand-covered staircase.
  7110 | Ossuary  | Entered an ossuary
  7167 | Ossuary  | Reached skill level 8 in Staves
  7619 | D:8      | Reached XP level 11. HP: 87/87 MP: 19/19
  7707 | D:8      | Found a staircase to the Lair.
  7927 | D:8      | Noticed Gastronok
  7959 | D:8      | Noticed Grum
  7966 | D:8      | Noticed Psyche
  7973 | D:7      | Killed Gastronok
  7973 | D:7      | Reached skill level 5 in Conjurations
  7973 | D:7      | Reached skill level 5 in Hexes
  7973 | D:7      | Reached skill level 5 in Charms
  7973 | D:7      | Reached skill level 5 in Summonings
  7973 | D:7      | Reached skill level 5 in Necromancy
  7973 | D:7      | Reached skill level 5 in Translocations
  7973 | D:7      | Reached skill level 5 in Transmutations
  7973 | D:7      | Reached skill level 5 in Fire Magic
  7973 | D:7      | Reached skill level 5 in Ice Magic
  7973 | D:7      | Reached skill level 5 in Air Magic
  7973 | D:7      | Reached skill level 5 in Earth Magic
  7973 | D:7      | Reached skill level 5 in Poison Magic
  8192 | D:8      | Killed Psyche
  8199 | D:8      | Killed Grum
  8452 | D:8      | Reached skill level 9 in Staves
  9363 | D:9      | Found a staircase to the Orcish Mines.
  9562 | D:9      | Noticed Joseph
  9593 | D:9      | Noticed Joseph
  9593 | D:9      | Joseph changed into Joseph the meliai
  9602 | D:9      | Killed Joseph the meliai
  9785 | D:10     | Entered Level 10 of the Dungeon
 10126 | D:10     | Reached XP level 12. HP: 86/96 MP: 22/22
 10190 | D:10     | Bought a pair of warped gloves for 256 gold pieces
 10190 | D:10     | Identified the cursed -3 pair of gloves of Giol {Str+4
                  | Int+4} (You bought it in a shop on level 10 of the Dungeon)
 10194 | D:10     | Bought a pair of glowing gloves for 202 gold pieces
 10708 | D:11     | Noticed a seven-headed hydra
 10711 | D:11     | Killed a seven-headed hydra
 10711 | D:11     | Reached skill level 10 in Staves
 10770 | D:11     | Identified the Handbook of Translocation and Clay
 10817 | D:11     | Found a hazy altar of Hepliaklqana.
 11326 | D:12     | Noticed Sonja
 11333 | D:12     | Killed Sonja
 11452 | D:12     | Noticed a two-headed ogre
 11458 | D:12     | Killed a two-headed ogre
 11482 | D:12     | Noticed a five-headed hydra
 11505 | D:12     | Killed a five-headed hydra
 11510 | D:12     | Noticed Nessos
 11527 | D:12     | Killed Nessos
 11527 | D:12     | Reached skill level 10 in Fighting
 11666 | D:12     | Found a gate leading to a gauntlet.
 11678 | Gauntlet | Entered a Gauntlet
 11678 | Gauntlet | Found a transporter.
 11682 | Gauntlet | Found a transporter.
 11684 | Gauntlet | Found a transporter.
 11700 | Gauntlet | Found a transporter.
 11702 | Gauntlet | Found a transporter.
 11711 | Gauntlet | Found the ring of the Mage {Wiz MR++ Int+3}
 11713 | Gauntlet | Found a transporter.
 11726 | Gauntlet | Found a transporter.
 11733 | Gauntlet | Found a transporter.
 11746 | Gauntlet | Found a transporter.
 11748 | Gauntlet | Found the cursed necklace of Bloodlust {*Rage +Rage MR++
                  | Int-3 Slay+6 *Curse}
 11770 | Gauntlet | Found a transporter.
 11770 | Gauntlet | Found a transporter.
 11779 | Gauntlet | Found a transporter.
 11780 | Gauntlet | Found a transporter.
 11846 | Gauntlet | Found a transporter.
 12395 | D:13     | Noticed Frances
 12558 | D:13     | Noticed a six-headed hydra
 12602 | D:13     | Killed a six-headed hydra
 12602 | D:13     | Reached XP level 13. HP: 103/103 MP: 24/24
 12632 | D:13     | Identified a scroll of acquirement
 12744 | D:13     | Reached skill level 11 in Staves
 12802 | D:13     | Killed Frances
 13802 | D:14     | Found a frozen archway.
 13979 | D:14     | HP: 5/104 [skeletal warrior/+0 battleaxe[a skeletal
                  | warrior] (25)]
 14810 | D:14     | Found a gate to the Vaults.
 14810 | D:14     | Noticed a vault guard
 14837 | D:14     | Killed a vault guard
 14976 | D:15     | Entered Level 15 of the Dungeon
 14982 | D:15     | Noticed Kirke
 14991 | D:15     | Found a stormy altar of Qazlal.
 15154 | D:15     | Reached skill level 12 in Staves
 15210 | D:15     | Noticed a sphinx
 15218 | D:15     | Killed Kirke
 15218 | D:15     | Reached XP level 14. HP: 65/111 MP: 26/26
 15412 | D:15     | Reached skill level 10 in Crossbows
 15713 | D:15     | Found a staircase to the Depths.
 15926 | D:15     | Bought the +7 great mace "Firestarter" {inner flame, rF++}
                  | for 1068 gold pieces
 15926 | D:15     | Found the +7 great mace "Firestarter" {inner flame, rF++}
 15953 | D:15     | Bought a +2 hat of see invisible for 252 gold pieces
 15953 | D:15     | Bought a +1 cloak of poison resistance for 162 gold pieces
 16125 | Orc:1    | Entered Level 1 of the Orcish Mines
 16591 | Orc:1    | Found a roughly hewn altar of Beogh.
 16709 | Orc:2    | Entered Level 2 of the Orcish Mines
 16999 | Orc:2    | Found a roughly hewn altar of Beogh.
 17214 | Orc:2    | Paralysed by an orc sorcerer for 3 turns
 17227 | Orc:2    | Reached skill level 10 in Invocations
 17405 | Orc:2    | Found a staircase to the Elven Halls.
 17514 | Orc:2    | Found Gukar's Book Boutique.
 17514 | Orc:2    | Found Mooptiott's Antique Weapon Shoppe.
 17545 | Orc:2    | Bought a translucent long sword for 204 gold pieces
 17873 | Orc:2    | Found Xeno's Book Boutique.
 17873 | Orc:2    | Found Enuymaorph's Book Shoppe.
 18325 | Lair:1   | Entered Level 1 of the Lair of Beasts
 18738 | Lair:1   | Found a transporter.
 18915 | Lair:1   | Found a transporter.
 19216 | Lair:1   | Got an encrusted scale mail
 19251 | Lair:1   | Identified the cursed +0 scale mail "Beemudip" {MR+ Dex+2
                  | Slay+3 Stlth-} (You found it on level 1 of the Lair of
                  | Beasts)
 19274 | Lair:1   | Identified the +11 long sword "Qetsyon" {drain, rElec} (You
                  | bought it in a shop on level 2 of the Orcish Mines)
 19360 | Lair:1   | Got a pair of scorched gloves
 19387 | Lair:1   | Identified the +0 pair of gloves "Jiape" {MR+ SInv} (You
                  | found it on level 1 of the Lair of Beasts)
 19554 | Lair:2   | Reached skill level 13 in Staves
 19732 | Lair:2   | Reached XP level 15. HP: 88/119 MP: 28/28
 20332 | Lair:3   | Reached skill level 10 in Throwing
 20332 | Lair:3   | Reached skill level 10 in Armour
 20332 | Lair:3   | Reached skill level 10 in Dodging
 20332 | Lair:3   | Reached skill level 10 in Evocations
 20785 | Lair:3   | Got a smoking war axe
 20829 | Lair:3   | Identified the +9 war axe "Ymuh" {distort, Int+2} (You
                  | found it on level 3 of the Lair of Beasts)
 21179 | Lair:3   | Found a hole to the Spider Nest.
 22475 | Lair:4   | Found a staircase to the Swamp.
 22813 | Lair:5   | Noticed Rupert
 22818 | Lair:5   | Reached skill level 10 in Short Blades
 22818 | Lair:5   | Reached skill level 10 in Long Blades
 22818 | Lair:5   | Reached skill level 10 in Axes
 22818 | Lair:5   | Reached skill level 10 in Maces & Flails
 22818 | Lair:5   | Reached skill level 10 in Polearms
 22818 | Lair:5   | Reached skill level 10 in Slings
 22818 | Lair:5   | Reached skill level 10 in Bows
 22818 | Lair:5   | Reached skill level 10 in Stealth
 22818 | Lair:5   | Reached skill level 10 in Shields
 22818 | Lair:5   | Reached skill level 10 in Unarmed Combat
 22818 | Lair:5   | Reached skill level 10 in Spellcasting
 22830 | Lair:5   | Killed Rupert
 23269 | Lair:5   | Noticed Snorg
 23288 | Lair:5   | Killed Snorg
 23716 | Lair:6   | Entered Level 6 of the Lair of Beasts
 23781 | Lair:6   | Found a runed translucent door.
 23781 | Lair:6   | Found a viscous altar of Jiyva.
 23781 | Lair:6   | Found a staircase to the Slime Pits.
 23781 | Lair:6   | Noticed an acid blob
 23788 | Lair:6   | Killed an acid blob
 24187 | Lair:6   | Got a sparkling platinum amulet
 24325 | Lair:6   | Identified the amulet "Syar" {+Rage Str+3} (You found it on
                  | level 6 of the Lair of Beasts)
 24577 | Lair:6   | Found a runed translucent gate.
 24577 | Lair:6   | Found a runed translucent gate.
 24577 | Lair:6   | Found a runed translucent gate.
 24577 | Lair:6   | Noticed Liuxtac's ghost (journeyman DDFi)
 24612 | Lair:6   | Killed Liuxtac's ghost
 24640 | Lair:6   | Reached skill level 14 in Staves
 24872 | Lair:6   | Reached XP level 16. HP: 118/127 MP: 30/30
 25702 | Lair:6   | Got a twitching lapis lazuli ring
 25835 | Lair:6   | Identified the ring of Umi Nogg {rElec Str+4 Dex+3 SInv}
                  | (You found it on level 6 of the Lair of Beasts)
 25869 | Lair:6   | Got a jewelled scale mail
 25871 | Lair:6   | Identified the cursed +0 scale mail of Yxuse {Int+7 Dex-3}
                  | (You found it on level 6 of the Lair of Beasts)
 26091 | D:15     | Bought a faintly humming chain mail for 332 gold pieces
 26091 | D:15     | Bought a pair of scorched gloves for 332 gold pieces
 26091 | D:15     | Bought a garnet-encrusted plate armour for 980 gold pieces
 26104 | D:15     | Identified the +1 chain mail of Dastab {+Fly rN+++ Str-4
                  | Stlth+} (You bought it in a shop on level 15 of the
                  | Dungeon)
 26123 | D:15     | Identified the +5 pair of gloves of Does {Int+7} (You
                  | bought it in a shop on level 15 of the Dungeon)
 26129 | D:15     | Learned a level 5 spell: Borgnjor's Vile Clutch
 26134 | D:15     | Learned a level 4 spell: Summon Lightning Spire
 26141 | D:15     | Learned a level 6 spell: Conjure Ball Lightning
 26145 | D:15     | Learned a level 3 spell: Confuse
 26149 | D:15     | Learned a level 3 spell: Mephitic Cloud
 26156 | D:15     | Identified the +7 plate armour of the Shining One {MR+}
                  | (You bought it in a shop on level 15 of the Dungeon)
 26458 | Swamp:1  | Entered Level 1 of the Swamp
 26556 | Swamp:1  | Noticed Donald
 26565 | Swamp:1  | Killed Donald
 26917 | Swamp:1  | Noticed Josephine
 26925 | Swamp:1  | Killed Josephine
 27982 | Swamp:2  | Noticed a thorn hunter
 28127 | Swamp:2  | Killed a thorn hunter
 29404 | Swamp:2  | Learned a level 5 spell: Summon Mana Viper
 30289 | Swamp:3  | Got an encrusted leather armour
 30290 | Swamp:3  | Identified the cursed +0 leather armour "Xeowaoc" {rPois
                  | MR+} (You found it on level 3 of the Swamp)
 31078 | Swamp:4  | Entered Level 4 of the Swamp
 31120 | Swamp:3  | HP: 6/193 [swamp dragon/exploding inner flame[the player
                  | character] (18)]
 31326 | Swamp:3  | Reached XP level 17. HP: 66/135 MP: 32/32
 31502 | Swamp:4  | Reached skill level 15 in Staves
 32098 | Swamp:4  | Noticed the 27-headed Lernaean hydra
 32119 | Swamp:4  | Killed the 27-headed Lernaean hydra
 32421 | Swamp:4  | Got a decaying rune of Zot
 32666 | Spider:1 | Entered Level 1 of the Spider Nest
 32666 | Spider:1 | Noticed Louise
 33063 | Spider:1 | Killed Louise
 33677 | Spider:1 | Got an ivory broad axe
 33678 | Spider:1 | Identified the +8 broad axe "Ogreslayer" {venom, Dex+4}
                  | (You found it on level 1 of the Spider Nest)
 35191 | Spider:4 | Entered Level 4 of the Spider Nest
 35541 | Spider:4 | Got a pitted copper amulet
 35549 | Spider:4 | Identified the amulet of Noon {RegenMP +Fly MR+ Str+4} (You
                  | found it on level 4 of the Spider Nest)
 35579 | Spider:4 | Reached skill level 10 in Conjurations
 35579 | Spider:4 | Reached skill level 10 in Hexes
 35579 | Spider:4 | Reached skill level 10 in Charms
 35579 | Spider:4 | Reached skill level 10 in Summonings
 35579 | Spider:4 | Reached skill level 10 in Necromancy
 35579 | Spider:4 | Reached skill level 10 in Translocations
 35579 | Spider:4 | Reached skill level 10 in Transmutations
 35579 | Spider:4 | Reached skill level 10 in Fire Magic
 35579 | Spider:4 | Reached skill level 10 in Ice Magic
 35579 | Spider:4 | Reached skill level 10 in Air Magic
 35579 | Spider:4 | Reached skill level 10 in Earth Magic
 35579 | Spider:4 | Reached skill level 10 in Poison Magic
 35905 | Spider:4 | Reached XP level 18. HP: 140/143 MP: 33/33
 36447 | Spider:4 | Reached skill level 16 in Staves
 36598 | Spider:4 | Got an encrusted mace
 36599 | Spider:4 | Identified the +6 mace of Yeast {antimagic, rPois Dex+3}
                  | (You found it on level 4 of the Spider Nest)
 36846 | Spider:4 | Got a gossamer rune of Zot
 37283 | D:15     | Learned a level 6 spell: Deflect Missiles
 37377 | Vaults:1 | Entered Level 1 of the Vaults
 39322 | Vaults:1 | Noticed Aizul
 39346 | Vaults:1 | Killed Aizul
 40364 | Vaults:2 | Reached XP level 19. HP: 87/151 MP: 35/35
 40745 | Vaults:2 | HP: 7/151 [deep elf knight/+0 short sword (9)]
 40895 | Vaults:2 | HP: 1/151 [vault warden/+0 long sword of slicing (7)]
 41323 | Vaults:2 | Reached skill level 17 in Staves
 43158 | Vaults:3 | HP: 6/152 [vault warden/+0 great mace (14)]
 43158 | Vaults:3 | Shot with a bolt by a yaktaur

Levels and vault maps discovered:
D:1:      dpeg_arrival_three_same_balls, layout_basic, minmay_heptomino_h4
D:2:      layout_basic, brannock_xom_greatest_gift, uniq_natasha
D:3:      layout_basic, fiery_altar_vehumet, grunt_temple_overflow_cloverleaf,
          gammafunk_ghost_gnarly_gnolls, serial_forest,
          infiniplex_forest_lined_2, infiniplex_forest_diagonal,
          infiniplex_forest_clump_long, infiniplex_forest_clump_curved,
          infiniplex_forest_lined_corner, infiniplex_forest_end_2,
          infiniplex_forest_lined_2, minmay_crystal_room, uniq_ijyb,
          uniq_jessica
D:4:      layout_gridville, grunt_temple_overflow_order_and_chaos_1,
          makhleb_blood_cavern_becter, first_ration, grunt_ministairs_15,
          kennysheep_path_1, uniq_menkaure
D:5:      layout_basic, nemelex_altar_shiori, kennysheep_mini_moat,
          temple_green, nrook_pool_corridor
D:6:      layout_rooms, marbit_many_paths, serial_shops,
          nicolae_shop_statue_plus
D:7:      minmay_the_grid_four_pointed_star
          [minmay_the_grid_triangle_9x9_checkered,
          minmay_the_grid_triangle_9x9_from_above,
          minmay_the_grid_triangle_9x9_descending_squares,
          minmay_the_grid_triangle_9x9_tough_junction,
          minmay_the_grid_prize_trominoes], layout_basic, slow_altar_2,
          uniq_harold
D:8:      layout_basic, erik_lair_orcish_takeover, enter_ossuary_3, uniq_psyche,
          uniq_grum, uniq_gastronok
D:9:      layout_cave_pools, minmay_orc_entry_guard_dogs, serial_column_ruins,
          column_ruins_columns_straight, column_ruins_open_tiny,
          column_ruins_corridor_T, column_ruins_grid_1,
          column_ruins_corridor_straight, column_ruins_columns_water,
          column_ruins_corridor_corner, hangedman_little_slice_of_home,
          bh_chokoban, uniq_joseph
D:10:     layout_basic
D:11:     layout_roguey, basic_altar, kennysheep_dice
D:12:     layout_basic, gauntlet_entry_generic, hex_large, uniq_sonja,
          uniq_nessos
D:13:     layout_irregular_city, uniq_frances
D:14:     layout_irregular_city, grunt_vaults_entry_tiered,
          portal_ice_cave_entry_pillars_1, minmay_misc_feat_x
D:15:     hangedman_depths_entry_try_elsewhere_first, layout_rooms, basic_altar,
          chequers_garden, uniq_kirke
Lair:1:   gammafunk_cloud_chamber, layout_regular_city, lemuel_fruit_fields,
          infiniplex_staircase_pool
Lair:2:   layout_misc_corridors
Lair:3:   layout_misc_corridors, spider_nest_entry_funnel_web,
          serial_bayou_pond_c, cheibrodos_lair_lostbears
Lair:4:   beast_lair_carwin_large_1, layout_big_grid, palyth_hydra_swamp_entry,
          serial_rivers, chequers_serial_rivers_small_3,
          chequers_serial_rivers_marsh, chequers_serial_rivers_micro_b,
          chequers_serial_rivers_small_3, chequers_serial_rivers_micro_c
Lair:5:   layout_loops_ring, uniq_snorg, uniq_rupert
Lair:6:   evilmike_catoblepas_cave, layout_regular_city, slime_altar_2,
          gammafunk_ghost_hydra_chop, minmay_lair_oklob_chamber
Swamp:1:  layout_basic_swamp, evilmike_swamp_ruin_house_6, uniq_donald,
          uniq_josephine
Swamp:2:  cheibrodos_swamp_tower_of_moss, layout_basic_swamp,
          evilmike_swamp_ruin_house_3, swamp_pool4
Swamp:3:  layout_falls_marsh, evilmike_swamp_ruin_house_2,
          infiniplex_staircase_pool_2
Swamp:4:  swamp_old_school, layout_basic_swamp, swamp_pool1
Spider:1: layout_spider_delve, uniq_louise
Spider:2: layout_spider_delve, hangedman_spider_tarantella_strand
Spider:3: layout_spider_delve, nicolae_spider_cling_halls, uniq_arachne
Spider:4: guppyfry_spider_rune, worms_lemuel
Orc:1:    layout_caves, mines2_david
Orc:2:    st_orc_town, layout_caves
Vaults:1: special_room_vaults [special_room_orc], vaults_room_grid, v_pattern_5,
          nicolae_vaults_rhombus_5, v_misc_13, grunt_vaults_hallway_long,
          v_rooms_4, hangedman_vaults_river_flow, v_misc_24,
          hangedman_vaults_pinch, vaults_room_pool,
          nicolae_vaults_ring_of_whatevers, hangedman_vaults_maws,
          layout_vaults_maze_bifur, uniq_aizul
Vaults:2: vaults_dpeg_cross, v_misc_18, v_misc_19,
          nicolae_vaults_diagonal_hallway_7, v_alt_pattern_4, st_check,
          vaults_room_door_hall, vaults_standard_mumra_enter_the_diamond,
          layout_vaults_omnigrid
Vaults:3: v_misc_8, vaults_dpeg_ring, v_misc_14, blue_anna_dwarven_crypt,
          nicolae_vaults_twisting_passages, kb_rosetta,
          nicolae_vaults_network_square, hangedman_vaults_trim,
          vaults_standard_mumra_x, v_rooms_3, hangedman_vaults_maws,
          layout_vaults_big_room, basic_altar, serial_shops, shop

Skill      XL: |  1  2  3  4  5  6  7  8  9 10 11 12 13 14 15 16 17 18 19 |
---------------+----------------------------------------------------------+-----
Invocations    | 1 2 3 4 5 6 7 8 9 10 11 12 13 | 13.8
Short Blades   | 1 2 3 4 5 6 7 8 9 10 11 12 | 12.8
Long Blades    | 1 2 3 4 5 6 7 8 9 10 11 12 | 12.8
Axes           | 1 2 3 4 5 6 7 8 9 10 11 12 | 12.8
Maces & Flails | 1 2 3 4 5 6 7 8 9 10 11 12 | 12.8
Polearms       | 1 2 3 4 5 6 7 8 9 10 11 12 | 12.8
Slings         | 1 2 3 4 5 6 7 8 9 10 11 12 | 12.8
Bows           | 1 2 3 4 5 6 7 8 9 10 11 12 | 12.8
Stealth        | 1 2 3 4 5 6 7 8 9 10 11 12 | 12.8
Shields        | 1 2 3 4 5 6 7 8 9 10 11 12 | 12.8
Unarmed Combat | 1 2 3 4 5 6 7 8 9 10 11 12 | 12.8
Spellcasting   | 1 2 3 4 5 6 7 8 9 10 11 12 | 12.8
Conjurations   | 1 2 3 4 5 6 7 8 9 10 11 | 11.0
Hexes          | 1 2 3 4 5 6 7 8 9 10 11 | 11.0
Charms         | 1 2 3 4 5 6 7 8 9 10 11 | 11.0
Summonings     | 1 2 3 4 5 6 7 8 9 10 11 | 11.0
Necromancy     | 1 2 3 4 5 6 7 8 9 10 11 | 11.0
Translocations | 1 2 3 4 5 6 7 8 9 10 11 | 11.0
Transmutations | 1 2 3 4 5 6 7 8 9 10 11 | 11.0
Fire Magic     | 1 2 3 4 5 6 7 8 9 10 11 | 11.0
Ice Magic      | 1 2 3 4 5 6 7 8 9 10 11 | 11.0
Air Magic      | 1 2 3 4 5 6 7 8 9 10 11 | 11.0
Earth Magic    | 1 2 3 4 5 6 7 8 9 10 11 | 11.0
Poison Magic   | 1 2 3 4 5 6 7 8 9 10 11 | 11.0
Staves         | 3 4 5 6 8 9 10 12 13 14 15 16 17 | 17.2
Throwing       | 3 4 5 6 7 8 9 10 11 12 13 | 13.0
Armour         | 3 4 5 6 7 8 9 10 11 12 13 | 13.0
Dodging        | 3 4 5 6 7 8 9 10 11 12 13 | 13.0
Evocations     | 3 4 5 6 7 8 9 10 11 12 13 | 13.0
Crossbows      | 5 6 7 8 9 10 11 12 13 | 13.4
Fighting       | 7 8 9 10 11 12 13 14 | 14.1

Action                   |  1- 3 |  4- 6 |  7- 9 | 10-12 | 13-15 | 16-18 | 19-21 || total
-------------------------+-------+-------+-------+-------+-------+-------+-------++-------
Melee: Hand axe          |   108 |    76 |       |       |       |       |       ||   184
       Bite              |    10 |    10 |    26 |   101 |   134 |   165 |    51 ||   497
       Falchion          |       |    75 |     1 |       |       |       |       ||    76
       Punch             |       |     2 |       |       |       |    14 |       ||    16
       Halberd           |       |       |   235 |   769 |   230 |     9 |       ||  1243
       Unarmed           |       |       |     3 |     1 |     5 |       |       ||     9
       Demon blade       |       |       |       |    23 |       |       |       ||    23
       Great mace        |       |       |       |       |   534 |   679 |   231 ||  1444
       Staff             |       |       |       |       |       |     2 |       ||     2
       Broad axe         |       |       |       |       |       |   111 |       ||   111
 Fire: Arbalest          |       |       |       |    34 |    81 |   244 |       ||   359
Throw: Dart              |       |     4 |    11 |    23 |     7 |     1 |       ||    46
 Cast: Borgnjor's Vile C |       |       |       |       |       |    44 |       ||    44
       Summon Lightning  |       |       |       |       |       |    16 |       ||    16
       Summon Mana Viper |       |       |       |       |       |    24 |       ||    24
       Deflect Missiles  |       |       |       |       |       |     1 |       ||     1
Invok: Call Merchant     |       |       |     1 |     1 |     2 |     3 |       ||     7
       Potion Petition   |       |       |       |       |       |     1 |     3 ||     4
Evoke: Wand              |       |     2 |     1 |    11 |    14 |     5 |    11 ||    44
       Lightning rod     |       |       |       |       |       |     1 |       ||     1
       Sack of spiders   |       |       |       |       |       |       |     4 ||     4
  Use: Scroll            |     5 |     7 |     7 |    18 |    22 |    16 |    10 ||    85
       Potion            |       |     1 |     4 |     7 |     7 |     2 |     1 ||    22
 Stab: Invisible         |       |     4 |       |       |       |       |       ||     4
       Distracted        |       |       |     1 |     6 |     7 |    13 |     2 ||    29
       Sleeping          |       |       |       |     6 |       |     6 |     3 ||    15
       Paralysed         |       |       |       |     3 |       |       |       ||     3
       Confused          |       |       |       |       |       |     1 |       ||     1
  Eat: Chunk             |       |    14 |     4 |       |       |       |       ||    18
       Ration            |       |       |     2 |     8 |    12 |    20 |     4 ||    46
Armor: Scale mail        |    80 |    67 |   132 |       |       |   510 |   101 ||   890
       Skin              |       |       |    62 |       |       |       |       ||    62
       Ring mail         |       |       |     9 |    53 |       |       |       ||    62
       Plate armour      |       |       |       |   527 |   633 |    43 |       ||  1203
Dodge: Dodged            |   101 |    99 |   177 |   580 |   644 |  1274 |   241 ||  3116
       Deflected         |       |       |       |       |       |     3 |       ||     3
       Rpst.: Falchion   |       |    16 |       |       |       |       |       ||    16
       Demon blade       |       |       |       |     6 |       |       |       ||     6
